 Dungeon Crawl Stone Soup version 0.25-a0-435-g4b9beb1024 (webtiles) character file.

Game seed: 3293714853701814236, levelgen mode: classic

5278 EnegeticOcto the Fighter (level 10, -4/95 HPs)
             Began as a Barachi Berserker on Jan 29, 2020.
             Was an Elder of Trog.
             Slain by a killer bee (7 damage)
             ... on level 8 of the Dungeon.
             The game lasted 00:10:32 (9478 turns).

EnegeticOcto the Fighter (Barachi Berserker)        Turns: 9478, Time: 00:10:32

Health: -4/95      AC: 14    Str: 22    XL:     10   Next: 63%
Magic:  11/11      EV: 12    Int:  8    God:    Trog [****..]
Gold:   353        SH:  0    Dex: 16    Spells: 9/9 levels left

rFire    . . .     SeeInvis .   t - +0 broad axe
rCold    . . .     Gourm    .   (no shield)
rNeg     . . .     Faith    .   q - +0 chain mail
rPois    .         Spirit   .   x - +0 helmet
rElec    .         Reflect  .   (no cloak)
rCorr    .         Harm     .   (no gloves)
MR       ++...                  i - +1 pair of boots
Stlth    ..........             (no amulet)
HPRegen  1.25/turn              s - +5 ring of dexterity
MPRegen  0.12/turn              (no ring)

@: lethally poisoned (-4 -> -7), can't hop, berserk cooldown, regenerating,
slowed, very slow
A: +LOS, swims, slowness 1, strong legs 1
a: Hop, Berserk, Trog's Hand, Brothers in Arms, Renounce Religion


You were on level 8 of the Dungeon.
You worshipped Trog.
Trog was greatly pleased with you.
You were hungry.

You visited 1 branch of the dungeon, and saw 8 of its levels.

You collected 413 gold pieces.
You spent 60 gold pieces at shops.

Inventory:

Hand Weapons
 t - a +0 broad axe (weapon)
Missiles
 u - 2 throwing nets (quivered) {!f}
Armour
 i - a +1 pair of boots (worn)
 q - a +0 chain mail (worn)
 x - a +0 helmet (worn)
Jewellery
 s - a +5 ring of dexterity (left hand)
 D - an uncursed amulet of guardian spirit {unknown}
Wands
 b - a wand of polymorph (7)
 y - a wand of iceblast (8)
 z - a wand of flame (38)
 B - a wand of enslavement (6)
Scrolls
 g - 5 scrolls of remove curse {@r2}
 j - a scroll of teleportation {@r3 !r}
 m - 3 scrolls of enchant armour
 o - 2 scrolls of enchant weapon
 p - a scroll of blinking {@r4}
 v - a scroll of immolation
Potions
 c - 2 potions of curing {@q1 !q}
 d - 4 potions of brilliance
 f - 3 potions of resistance
 h - a potion of ambrosia
 k - a potion of lignification {@q6}
 l - a potion of might {unknown}
 r - a potion of haste {@q4 !q}
 w - a potion of magic
 A - a potion of invisibility
 C - 2 potions of mutation
 E - a potion of agility {@q5 !q}
Comestibles
 a - a chunk of flesh
 e - 8 rations


   Skills:
 - Level 14.8 Fighting
 * Level 9.5 Axes
 + Level 7.1 Armour
 + Level 6.5 Dodging
 + Level 1.4 Evocations


You had 9 spell levels left.
You didn't know any spells.
Your spell library was empty.

Dungeon Overview and Level Annotations

Branches:
Dungeon (8/15)             Temple (0/1) D:5
   Lair: D:8-11

Altars:
Fedhas
Gozag
Hepliaklqana
Qazlal
Vehumet
Wu Jian
Xom
Yredelemnul

Shops:
D:8 *

Annotations:
D:7 4 runed translucent doors


Innate Abilities, Weirdness & Mutations

You can be seen from farther away. (+LOS)
You can swim through water.
You cover ground slowly.
You can hop short distances.


Message History

The queen bee stings you but does no damage.
The killer bee barely misses you.
You slash the killer bee!
The killer bee is heavily wounded.
You hit the queen bee but do no damage.
You feel sick.
The killer bee stings you but does no damage.
A killer bee comes into view.
The killer bee closely misses you. The queen bee stings you!
You miss the killer bee.
The killer bee is heavily wounded.
You hit the queen bee. The killer bee barely misses you.
A jackal comes into view.
The killer bee closely misses you.
You hit the killer bee.
The killer bee is severely wounded.
You slash the queen bee!
You kill the queen bee!
Trog accepts your kill.
You feel sick. The killer bee barely misses you.
The killer bee stings you but does no damage.
You closely miss the killer bee.
The killer bee is severely wounded.
You feel sick.
The killer bee stings you but does no damage.
A jackal comes into view.
The killer bee closely misses you.
The jackal barks!
You slash the killer bee!
The killer bee is almost dead.
You hear an angry buzzing noise.
The killer bee closely misses you.
The killer bee stings you but does no damage.
You closely miss the killer bee.
The killer bee is almost dead.
You feel sick.
The killer bee stings you but does no damage.
The killer bee barely misses you.
You closely miss the killer bee.
The killer bee is almost dead.
The killer bee misses you. The killer bee barely misses you.
The killer bee closely misses you.
You miss the killer bee.
The killer bee is almost dead.
You feel sick. The killer bee barely misses you.
The killer bee stings you but does no damage.
You miss the killer bee.
The killer bee is almost dead.
You slash the jackal!
You kill the jackal!
Trog accepts your kill.
You are no longer berserk.
You are exhausted.
You feel yourself slow down. The killer bee closely misses you.
The killer bee barely misses you.
Your skin crawls.
You feel resistant to hostile enchantments.
You are feeling hungry.
You feel sick. The killer bee barely misses you.
The killer bee stings you but does no damage.
The killer bee stings you! x2
The killer bee stings you but does no damage.
The killer bee completely misses you.
The killer bee stings you but does no damage.
The killer bee stings you.
You are more poisoned.
The killer bee poisons you!
Hop to where?
Press: ? - help, Dir - move target cursor Boing!
You feel sick.
The killer bee rages.
The killer bee closely misses you. The killer bee completely misses you.
You feel sick.
The killer bee stings you but does no damage.
The killer bee barely misses you. The killer bee stings you.
* * * LOW HITPOINT WARNING * * *
The killer bee stings you.
* * * LOW HITPOINT WARNING * * *
You are more poisoned.
The killer bee poisons you! The killer bee stings you.
* * * LOW HITPOINT WARNING * * *
The killer bee stings you.
* * * LOW HITPOINT WARNING * * *
The killer bee stings you but does no damage.
The killer bee stings you!
* * * LOW HITPOINT WARNING * * *
The jackal bites you but does no damage.
The killer bee misses you. The killer bee stings you!
* * * LOW HITPOINT WARNING * * *
You are lethally poisoned!
The killer bee poisons you! The killer bee closely misses you.
You hear an angry buzzing noise.
Okay, then.
Really read
n - a scroll of fear {!r}?
As you read the scroll of fear {!r}, it crumbles to dust.
You assume a fearsome visage.
The killer bee looks frightened! x6
The jackal looks frightened!
* * * LOW HITPOINT WARNING * * *
You feel very sick. The killer bee stings you!
You die...

......##.#.#..#....
.......#.#.#..#.#.#
.......#.#.#..#.#.#
.......#.#.#..#.#†# #
...#.###........y.## .#
...#.#####.......y†# y#
...#.....#.)....y..### .#
#.
#...........yyy...#.##....
#
##....######h@y........F..
###### #................
#.######......### #.
#......# # #......#
#####.## .# #


You could see 7 killer bees and a jackal (fleeing).

Vanquished Creatures
  Harold (D:7)
  A queen bee (D:8)
  2 hippogriffs (D:7)
  A slime creature (D:7)
  A vampire mosquito (D:7)
  2 water moccasins (D:8)
  2 orc warriors (D:6)
  3 sky beasts
  A hornet zombie (D:6)
  A phantom (D:7)
  3 ogres
  5 centaurs
  A big kobold (D:7)
  3 bullfrogs
  2 scorpions (D:6)
  6 killer bees (D:8)
  2 howler monkeys
  2 crimson imps (D:7)
  2 bullfrog zombies (D:6)
  2 jellies
  An orc priest (D:7)
  3 hounds (D:6)
  A bullfrog skeleton (D:7)
  8 orc wizards
  Natasha (thrice) (D:2)
  2 iguanas
  A killer bee zombie (D:8)
  6 worker ants
  A hound skeleton (D:5)
  A mummy (D:6)
  11 adders
  A shadow imp (D:6)
  3 oozes
  2 adder skeletons
  4 worms
  4 dart slugs
  3 leopard geckos
  45 orcs
  3 giant cockroaches
  6 goblins
  9 hobgoblins
  12 jackals
  A quokka (D:4)
  2 ball pythons
  A ball python skeleton (D:4)
  13 bats
  9 frilled lizards
  15 kobolds
  A kobold zombie (D:6)
  An orc zombie (D:6)
  2 quokka skeletons
  6 rats
224 creatures vanquished.

Vanquished Creatures (others)
  A bullfrog (D:6)
  A worker ant (D:6)
  A leopard gecko (D:6)
  3 bushes (D:5)
6 creatures vanquished.

Grand Total: 230 creatures vanquished

Notes
Turn   | Place    | Note
-------+----------+-------------------------------------------
     0 | D:1      | EnegeticOcto the Barachi Berserker began the quest for the
                  | Orb.
     0 | D:1      | Reached XP level 1. HP: 18/18 MP: 1/1
   149 | D:1      | Reached XP level 2. HP: 23/25 MP: 2/2
   676 | D:1      | Reached XP level 3. HP: 29/30 MP: 3/3
   695 | D:1      | Reached skill level 4 in Fighting
  1018 | D:2      | Noticed Natasha
  1035 | D:2      | Killed Natasha
  1035 | D:2      | Reached XP level 4. HP: 37/37 MP: 4/4
  1152 | D:2      | Reached ** piety under Trog
  1161 | D:2      | HP: 1/37 [poisoned by an adder]
  1903 | D:2      | Reached XP level 5. HP: 43/43 MP: 5/5
  2089 | D:2      | Noticed Natasha
  2100 | D:2      | Killed Natasha
  2175 | D:2      | Noticed Natasha
  2184 | D:2      | Killed Natasha
  2184 | D:2      | Reached skill level 5 in Axes
  2749 | D:3      | Reached XP level 6. HP: 43/50 MP: 6/6
  2841 | D:3      | Reached skill level 5 in Fighting
  3671 | D:4      | Reached *** piety under Trog
  3819 | D:4      | Reached skill level 14 in Fighting
  3819 | D:4      | Reached XP level 7. HP: 75/75 MP: 7/7
  3970 | D:4      | Found a hazy altar of Hepliaklqana.
  4388 | D:5      | Entered Level 5 of the Dungeon
  4539 | D:5      | Found a staircase to the Ecumenical Temple.
  4549 | D:5      | Reached XP level 8. HP: 64/82 MP: 8/8
  4835 | D:5      | Found a blossoming altar of Fedhas.
  6182 | D:6      | Reached skill level 5 in Armour
  6182 | D:6      | Reached XP level 9. HP: 37/88 MP: 9/9
  6596 | D:6      | Found a basalt altar of Yredelemnul.
  6758 | D:6      | Reached **** piety under Trog
  6819 | D:6      | Found an opulent altar of Gozag.
  7065 | D:6      | Reached skill level 5 in Dodging
  7451 | D:6      | Found a shimmering altar of Xom.
  7551 | D:6      | Found a radiant altar of Vehumet.
  7825 | D:7      | Noticed Harold
  7844 | D:7      | Killed Harold
  7866 | D:7      | Reached XP level 10. HP: 68/95 MP: 10/10
  8520 | D:7      | Found a runed translucent door.
  8619 | D:7      | Found a stormy altar of Qazlal.
  8720 | D:7      | Found a runed translucent door.
  8905 | D:7      | Found a runed translucent door.
  8905 | D:7      | Noticed a two-headed ogre
  8905 | D:7      | Noticed a green ugly thing
  8907 | D:7      | Found a runed translucent door.
  9320 | D:8      | Found an ornate altar of the Wu Jian Council.
  9343 | D:8      | Found Guusmoaf's General Store.
  9385 | D:8      | Bought a potion of agility for 60 gold pieces
  9451 | D:8      | Reached skill level 1 in Evocations
  9477 | D:8      | HP: 4/95 [killer bee (7)]
  9478 | D:8      | Slain by a killer bee

Levels and vault maps discovered:
D:1:      lemuel_arrival_rhombus, layout_basic
D:2:      layout_loops_ring, first_ration, uniq_natasha
D:3:      layout_rooms, chequers_serial_rivers_small_b
D:4:      layout_loops_cross, lemuel_crystal_altar, serial_rivers,
          chequers_serial_rivers_large_b, chequers_serial_rivers_marsh,
          chequers_serial_rivers_large_a, chequers_serial_rivers_micro_e,
          chequers_serial_rivers_micro_c
D:5:      layout_basic, fedhas_bush_and_centaur_altar,
          minmay_temple_entry_junction_2
D:6:      layout_loops_ring, overflow_temple_1_default, xom_confusion_cloud,
          kennysheep_mini, nicolae_gozag_seed_capital,
          nicolae_ossuary_entry_giza
D:7:      minmay_the_grid_four_pointed_star
          [minmay_the_grid_triangle_9x9_subtriangle,
          minmay_the_grid_triangle_9x9_zippers_vertical,
          minmay_the_grid_triangle_9x9_from_above,
          minmay_the_grid_triangle_9x9_fully_insulated_deathbox,
          minmay_the_grid_prize_big_room], layout_basic, lemuel_doored_altar,
          uniq_harold
D:8:      layout_basic, kennysheep_little_box, serial_shops, shop, basic_altar,
          david_nohive_1

Skill      XL: |  1  2  3  4  5  6  7  8  9 10 |
---------------+-------------------------------+-----
Fighting       | 4 14 | 14.8
Axes           | 4 5 6 8 9 |  9.5
Armour         | 3 4 5 6 7 |  7.1
Dodging        | 3 4 5 6 |  6.5
Evocations     | 1 |  1.4

Action                   |  1- 3 |  4- 6 |  7- 9 | 10-12 || total
-------------------------+-------+-------+-------+-------++-------
Melee: Hand axe          |    90 |   224 |       |       ||   314
       War axe           |       |    39 |   153 |       ||   192
       Broad axe         |       |       |   169 |   135 ||   304
Invok: Berserk           |     1 |     9 |     3 |     1 ||    14
       Trog's Hand       |       |     1 |     1 |     1 ||     3
 Abil: Hop               |       |       |     1 |     1 ||     2
  Use: Scroll            |     4 |     6 |     7 |     4 ||    21
       Potion            |       |     2 |       |       ||     2
  Eat: Chunk             |       |    21 |    12 |     5 ||    38
       Ration            |       |       |     1 |     1 ||     2
Armor: Animal skin       |    30 |    50 |       |       ||    80
       Ring mail         |       |     7 |    57 |       ||    64
       Chain mail        |       |       |   104 |   107 ||   211
Dodge: Dodged            |    86 |   202 |   187 |   123 ||   598

Table legend:
 A = Non-vault XP
 B = Vault XP
 C = Vault XP percentage of total XP
 D = Non-vault monster count
 E = Vault monster count
 F = Vault count percentage of total count
                 A         B        C        D         E       F
            +---------+---------+-------+---------+---------+-------
      Total |    4268 |    2819 |  39.8 |     201 |      23 |  10.3
            +---------+---------+-------+---------+---------+-------
        D:1 |      42 |       0 |   0.0 |      19 |       0 |   0.0
        D:2 |     206 |      35 |  14.5 |      33 |       1 |   2.9
        D:3 |     172 |       0 |   0.0 |      40 |       0 |   0.0
        D:4 |     127 |       0 |   0.0 |      22 |       0 |   0.0
        D:5 |     884 |     110 |  11.1 |      24 |       1 |   4.0
        D:6 |    1231 |      23 |   1.8 |      30 |       4 |  11.8
        D:7 |     849 |    1988 |  70.1 |      23 |      10 |  30.3
        D:8 |     757 |     663 |  46.7 |      10 |       7 |  41.2
            +---------+---------+-------+---------+---------+-------
